 Dungeon Crawl Stone Soup version 0.24-a0-459-g225fefd (webtiles) character file.

Game seed: 11866990396082242688

61 CanOfBees the Ducker (level 3, -1/28 HPs)
             Began as a Demonspawn Gladiator on June 28, 2019.
             Slain by a gnoll
             ... wielding a +0 spear
              (7 damage)
             ... on level 2 of the Dungeon.
             The game lasted 00:03:04 (1814 turns).

CanOfBees the Ducker (Demonspawn Gladiator)         Turns: 1814, Time: 00:03:05

Health: -1/28      AC:  4    Str: 15    XL:     3   Next: 83%
Magic:  3/3        EV: 13    Int:  9    God:
Gold:   40         SH:  0    Dex: 14    Spells: 2/2 levels left

rFire    . . .     SeeInvis .   a - +0 war axe
rCold    . . .     Gourm    .   (no shield)
rNeg     . . .     Faith    .   b - +0 leather armour
rPois    .         Spirit   .   (helmet restricted)
rElec    .         Reflect  .   (no cloak)
rCorr    .         Harm     .   g - +0 pair of gloves
MR       .....                  (no boots)
Stlth    ++........             (no amulet)
HPRegen  0.09/turn              (no ring)
MPRegen  0.08/turn              m - ring of stealth

@: no status effects
A: antennae 1, rot immunity
a: no special abilities


You were on level 2 of the Dungeon.
You were not hungry.

You visited 1 branch of the dungeon, and saw 2 of its levels.

You collected 40 gold pieces.

Inventory:

Hand Weapons
 a - a +0 war axe (weapon)
Missiles
 c - 127 stones (quivered)
 d - 3 throwing nets
 l - 18 arrows
Armour
 b - a +0 leather armour (worn)
 g - a +0 pair of gloves (worn)
Jewellery
 m - a ring of stealth (right hand)
Scrolls
 h - 2 scrolls of remove curse
 j - a scroll of identify
Potions
 e - 4 potions of curing
 i - a potion of flight
 n - a potion of haste
 o - a potion of heal wounds {unknown}
Comestibles
 f - 4 rations
 k - 7 chunks of flesh


   Skills:
 + Level 2.6 Fighting
 + Level 3.1 Axes
 + Level 2.4 Throwing
 + Level 3.2 Dodging


You had 2 spell levels left.
You didn't know any spells.
Your spell library was empty.

Dungeon Overview and Level Annotations

Branches:
Dungeon (2/15)

Altars:


Innate Abilities, Weirdness & Mutations

You have a pair of small antennae on your head.
You are immune to rotting.


Message History

A gnoll comes into view. It is wielding a +0 spear.
You barely miss the gnoll.
The gnoll is moderately wounded.
A quokka comes into view.
The gnoll closely misses you.
You hit the gnoll.
The gnoll is heavily wounded.
The gnoll hits you with a +0 spear! The gnoll hits you with a +0 spear.
You barely miss the gnoll.
The gnoll is heavily wounded.
The quokka twitches its whiskers.
The gnoll hits you but does no damage.
The gnoll hits you from afar with a +0 spear.
* * * LOW HITPOINT WARNING * * *
You hit the gnoll.
The gnoll is heavily wounded.
The gnoll hits you with a +0 spear.
* * * LOW HITPOINT WARNING * * *
The gnoll hits you from afar with a +0 spear!
You die...

#.# #.######.#
.........# #########
........#####≈≈≈≈§≈≈#
....###.##..#§≈..§≈≈#
#.#.........#§..#..≈#
# #####.##..'..###.≈#
#.......÷#≈..#..≈#
#.##.##@##§§...≈≈# #
#.##g##§≈≈§≈≈≈#
#.##g##########
#.##r##.#####.#
#.#(..........#
#..##.######
(g......##.#
g.####.###.# #. #.#


You could see 2 gnolls and a quokka.

Vanquished Creatures
  An ooze (D:1)
  2 dart slugs (D:1)
  2 leopard geckos (D:1)
  5 bats
  4 giant cockroaches (D:1)
  8 goblins
  6 hobgoblins
  3 jackals (D:2)
  4 frilled lizards (D:1)
  6 kobolds
  4 rats
45 creatures vanquished.

Notes
Turn   | Place    | Note
-------+----------+-------------------------------------------
     0 | D:1      | CanOfBees the Demonspawn Gladiator began the quest for the
                  | Orb.
     0 | D:1      | Reached XP level 1. HP: 16/16 MP: 1/1
   239 | D:1      | Gained mutation: You have a pair of small antennae on your
                  | head. [demonic ancestry]
   239 | D:1      | Reached XP level 2. HP: 16/22 MP: 2/2
   796 | D:1      | Gained mutation: You are immune to rotting. [demonic
                  | ancestry]
   796 | D:1      | Reached XP level 3. HP: 28/28 MP: 3/3
   822 | D:1      | HP: 1/28 [hobgoblin/+0 club (5)]
  1814 | D:2      | Slain by a gnoll

Levels and vault maps discovered:
D:1:      wander_arrival_estate, layout_loops_ring,
          kennysheep_decorative_pillar, chequers_jeans, minmay_misc_feat_cross,
          minmay_hexomino_u4
D:2:      layout_loops_ring, lemuel_round_altar, first_ration,
          kennysheep_generic_room_8

Skill      XL: |  1  2 |
---------------+-------+-----
Throwing       | 2 |  2.4
Dodging        | 3 |  3.2
Axes           | 3 |  3.1
Fighting       | |  2.6

Action                   || total
-------------------------++-------
Melee: War axe           ||   138
Throw: Stone             ||    22
  Use: Scroll            ||     4
  Eat: Chunk             ||     3
Armor: Leather armour    ||    57
Dodge: Dodged            ||   147

Table legend:
 A = Non-vault XP
 B = Vault XP
 C = Vault XP percentage of total XP
 D = Non-vault monster count
 E = Vault monster count
 F = Vault count percentage of total count
                 A         B        C        D         E       F
            +---------+---------+-------+---------+---------+-------
      Total |      72 |      16 |  18.2 |      39 |       6 |  13.3
            +---------+---------+-------+---------+---------+-------
        D:1 |      51 |      13 |  20.3 |      28 |       4 |  12.5
        D:2 |      21 |       3 |  12.5 |      11 |       2 |  15.4
            +---------+---------+-------+---------+---------+-------
